 Dungeon Crawl Stone Soup version 0.31.0-12-g77e489cdc1 (webtiles) character file.

Game seed: 1540434986016048458

276247 octoduck the Eclecticist (level 19, 0/113 HPs)
             Began as a Deep Elf Air Elementalist on Feb 20, 2024.
             Was the Champion of Vehumet.
             Slain by Mennas
             ... wielding a +5 sacred scourge of holy wrath
              (13 damage)
             ... on level 3 of the Depths on Mar 3, 2024.
             The game lasted 05:26:58 (68528 turns).

octoduck the Eclecticist (DEAE)                    Turns: 68528, Time: 05:26:58

Health: 0/113      AC: 12    Str:  7    XL:     19   Next: 57%
Magic:  19/54      EV: 20    Int: 31    God:    Vehumet [******]
Gold:   1009       SH:  6    Dex: 17    Spells: 9/58 levels left

rFire   + + .        x - staff "Ypojaeno" {rPois rC++ Fire Alchemy}
rCold   + + +        J - +1 buckler {rF+}
rNeg    + . .        W - +4 skin of Zhor {*Englaciate rC+++ SInv}
rPois   +            y - +2 hat {Will+}
rElec   .            B - scarf {rC+ rF+}
rCorr   .            m - +2 pair of gloves of the Present {rN+ Regen+}
SInv    +            g - +0 pair of boots
Will    ++...        F - amulet of magic regeneration
Stlth   +            v - +6 ring of intelligence
HPRegen 1.18/turn    r - ring of magical power
MPRegen 0.74/turn

%: no passive effects
@: very slightly contaminated, hasted, glowing, studying Ice Magic, silenced,
very quick
A: no striking features
}: 2/15 runes: serpentine, barnacled
a: Renounce Religion


You were on level 3 of the Depths.
You worshipped Vehumet.
Vehumet was exalted by your worship.
You visited 7 branches of the dungeon, and saw 34 of its levels.
You also visited: Ice Cave.

You collected 3679 gold pieces.
You spent 2670 gold pieces at shops.

Inventory:

Hand Weapons
 Q - the +6 falchion "Dengihix" {flame, rElec}
   (You found it on level 3 of the Lair of Beasts)

   rElec:     It insulates you from electricity.
Missiles
 l - 5 throwing nets
 E - 5 darts of dispersal
Armour
 g - a +0 pair of boots (worn)
 m - the +2 pair of gloves of the Present (worn) {rN+ Regen+}
   (You acquired it on level 2 of the Shoals)

   rN+:       It protects you from negative energy.
   Regen+:    It increases your rate of health regeneration.
 y - a +2 hat of willpower (worn)
 B - a scarf of resistance (worn)
 J - a +1 buckler of fire resistance (worn)
 W - the +4 skin of Zhor (worn) {*Englaciate rC+++ SInv}
   (You found it on level 5 of the Lair of Beasts)

   *Englaciate: It radiates cold, occasionally slowing all nearby creatures who
   are not resistant to cold.
   rC+++:     It renders you almost immune to cold.
   SInv:      It lets you see invisible.
Magical Staves
 x - the staff "Ypojaeno" (weapon) {rPois rC++ Fire Alchemy}
   (You found it on level 4 of the Shoals)

   [staff of alchemy]

   Base accuracy: +5 Base damage: 5 Base attack delay: 1.2 This weapon's minimum
   attack delay (0.6) is reached at skill level 12.
   rC++:      It greatly protects you from cold.
   rPois:     It protects you from poison Fire: It increases the power of your
   Fire spells.
   Alchemy:   It increases the power of your Alchemy spells.
   It falls into the 'Staves' category.
   It is a one-handed weapon.
Jewellery
 e - a ring of protection from fire
 r - a ring of magical power (right hand)
 v - a +6 ring of intelligence (left hand)
 F - an amulet of magic regeneration (around neck)
 V - a ring of resist corrosion
Talismans
 O - a granite talisman
Wands
 c - a wand of light (25)
 k - a wand of roots (6)
 u - a wand of flame (68)
 I - a wand of charming (27)
 M - a wand of digging (19)
 N - a wand of mindburst (17)
 R - a wand of polymorph (8)
Scrolls
 a - 9 scrolls of enchant armour
 f - 4 scrolls of teleportation
 p - 2 scrolls of blinking
 t - 2 scrolls of fear
 w - 3 scrolls of silence
 z - 2 scrolls of torment
 H - 3 scrolls of vulnerability
 K - a scroll of enchant weapon
 L - a scroll of amnesia
 P - 3 scrolls of immolation
 T - a scroll of fog
 U - a scroll of brand weapon
 Y - 2 scrolls of butterflies
 Z - 2 scrolls of revelation
Potions
 b - 2 potions of magic
 d - 8 potions of curing
 i - 2 potions of brilliance
 j - 5 potions of enlightenment
 o - 5 potions of haste
 q - 6 potions of ambrosia
 s - 7 potions of heal wounds
 D - a potion of might
 G - 7 potions of resistance
 S - 2 potions of invisibility
 X - 3 potions of cancellation
Miscellaneous
 h - a phantom mirror
 n - a condenser vane


   Skills:
 + Level 10.7 Fighting
 - Level 4.0 Armour
 - Level 13.8 Dodging
 - Level 3.5 Stealth
 - Level 4.0 Shields
 - Level 20.0 Spellcasting
 + Level 14.8 Conjurations
 - Level 10.0 Summonings
 - Level 5.0 Translocations
 + Level 13.1 Fire Magic
 - Level 10.3 Ice Magic
 - Level 10.0 Air Magic
 - Level 8.0 Alchemy
 + Level 12.8 Shapeshifting


You had 9 spell levels left.
You knew the following spells:

 Your Spells              Type           Power      Damage    Failure   Level
a - Shock                 Conj/Air       100%       1d9       0%          1
b - Airstrike             Air            37%        2d(6-22)  1%          4
c - Spellforged Servitor  Conj/Summ      41%        N/A       2%          7
d - Blink                 Tloc           100%       N/A       1%          2
e - Summon Cactus Giant   Summ           37%        N/A       4%          6
g - Orb of Destruction    Conj           44%        9d12      1%          7
h - Freezing Cloud        Conj/Ice/Air   40%        6-21      1%          5
i - Irradiate             Conj/Alch      50%        3d28      1%          5
j - Starburst             Conj/Fire      54%        6d15      1%          6
k - Plasma Beam           Fire/Air       50%        2x1d65    1%          6

Your spell library contained the following spells:

 Spells                   Type           Power      Damage    Failure   Level
 Lehudib's Crystal Spear  Conj/Erth      33%        10d9      78%         8
 Magic Dart               Conj           100%       1d8       0%          1
 Scorch                   Fire           100%       2d9       0%          2
 Static Discharge         Conj/Air       100%       3-8/arc   0%          2
 Kiss of Death            Conj/Necr      100%       2d13      1%          1
 Call Imp                 Summ           100%       N/A       1%          2
 Cigotuvi's Dreadful Rot  Necr/Alch/Air  100%       N/A       1%          2
 Mercury Vapours          Alch/Air       100%       N/A       1%          2
 Dazzling Flash           Conj/Hex       100%       N/A       1%          3
 Hailstorm                Conj/Ice       83%        3d14      1%          3
 Inner Flame              Hex/Fire       82%        N/A       1%          3
 Mephitic Cloud           Conj/Alch/Air  99%        N/A       1%          3
 Ozocubu's Armour         Ice            76%        N/A       1%          3
 Summon Ice Beast         Ice/Summ       76%        N/A       1%          3
 Swiftness                Air            75%        N/A       1%          3
 Volatile Blastmotes      Fire/Tloc      100%       2d18      1%          3
 Flame Wave               Conj/Fire      100%       2d21      1%          4
 Summon Blazeheart Golem  Fire/Summ      100%       N/A       1%          4
 Vhi's Electric Charge    Tloc/Air       100%       N/A       1%          4
 Manifold Assault         Tloc           58%        N/A       2%          4
 Martyr's Knell           Necr/Summ      58%        N/A       2%          4
 Passage of Golubria      Tloc           58%        N/A       2%          4
 Summon Forest            Summ/Tloc      33%        N/A       2%          5
 Yara's Violent Unravell  Hex/Alch       35%        3d14      2%          5
 Eringya's Noxious Bog    Alch           44%        4d6       3%          6
 Confusing Touch          Hex            31%        N/A       5%          3
 Fugue of the Fallen      Necr           31%        N/A       5%          3
 Tukima's Dance           Hex            31%        N/A       5%          3
 Silence                  Hex/Air        29%        N/A       6%          5
 Summon Mana Viper        Hex/Summ       58%        N/A       6%          5
 Sculpt Simulacrum        Ice/Alch       46%        N/A       7%          6
 Anguish                  Hex/Necr       15%        N/A       19%         4
 Cause Fear               Hex            15%        N/A       19%         4
 Dispel Undead            Necr           31%        3d14      19%         4
 Monstrous Menagerie      Summ           37%        N/A       26%         7
 Summon Hydra             Summ           37%        N/A       26%         7
 Maxwell's Capacitive Co  Air            37%        ∞         43%         8
 Curse of Agony           Necr           31%        N/A       45%         5
 Fire Storm               Conj/Fire      54%        8d14      80%         9
 Chain Lightning          Conj/Air       41%        3d54      94%         9
 Death Channel            Necr           15%        N/A       95%         6
 Polar Vortex             Ice            38%        12d5*     99%         9
 Enfeeble                 Hex            15%        N/A       100%        7
 Shatter                  Erth           15%        3d15*     100%        9


Dungeon Overview and Level Annotations

Branches:
Dungeon (15/15)            Temple (1/1) D:4            Lair (5/5) D:8
 Shoals (4/4) Lair:3        Snake (4/4) Lair:3        Slime (0/5) Lair:4
    Orc (2/2) D:12            Elf (0/3) Orc:2        Vaults (0/5) D:13
 Depths (3/4) D:15          IceCv (visited)

Altars:
Ashenzari
Cheibriados
Dithmenos
Elyvilon
Fedhas
Gozag
Hepliaklqana
Kikubaaqudgha
Makhleb
Nemelex Xobeh
Okawaru
Qazlal
Ru
Sif Muna
Trog
Uskayaw
Vehumet
Wu Jian
Xom
Yredelemnul
Zin
The Shining One
Jiyva

Shops:
D:1 :   D:12 (   D:13 ?   Orc:2 *(([   Shoals:3 [   Shoals:4 !!=:   Snake:4 [
Depths:1 (   Depths:2 *:

Portals:
Hell: Depths:1 Depths:2
Abyss: Depths:1
Pandemonium: Depths:1 Depths:2
Trove: D:14 (give horn of Geryon)

Annotations:
D:11 2 transporters, bronco's ghost, journeyman HOFi
Lair:5 exclusion: Josephine
Depths:3 Mennas


Message History

Confirm with . or Enter, or press ? or * to list all spells.
You feel a surge of power!
You erupt in a fountain of uncontrolled magic!
Mennas is blasted with magical radiation!!
Mennas is moderately wounded.
Mennas twists and deforms.
You are very lightly contaminated with residual magic.
Mennas completely misses you.
Mennas hits you with a +5 sacred scourge of holy wrath.
Casting: Irradiate (safe; 1% risk of failure)
Confirm with . or Enter, or press ? or * to list all spells.
You feel a surge of power!
You erupt in a fountain of uncontrolled magic!
Mennas is blasted with magical radiation!!!
Mennas is severely wounded.
You are lightly contaminated with residual magic.
Mennas gestures frantically.
Mennas's surroundings become eerily quiet.
Mennas hits you with a +5 sacred scourge of holy wrath!
Mennas closely misses you.
You feel yourself speed up.
Mennas hits you with a +5 sacred scourge of holy wrath! x2
* * * LOW HITPOINT WARNING * * *
Your cactus giant seems less confused.
Mennas closely misses you. Mennas hits you but does no damage.
Your cactus giant closely misses Mennas.
Mennas attacks as he pursues you! Mennas closely misses you.
Mennas hits you with a +5 sacred scourge of holy wrath.
* * * LOW HITPOINT WARNING * * *
Press: ? - help, v - describe, . - travel
Here: Mennas, wielding a +5 sacred scourge of holy wrath and wearing a +0 tower shield (silenced, severely wounded, radiating silence, misshapen and mutated, ally target, haloed)
The floor.
Aiming: Bolt of Light
Press: ? - help, Shift-Dir - straight line, f - Mennas
Aim: Mennas, wielding a +5 sacred scourge of holy wrath and wearing a +0 tower shield (silenced, severely wounded, radiating silence, misshapen and mutated, ally target, haloed, 26% to hit)
The bolt of light misses Mennas.
Mennas hits you with a +5 sacred scourge of holy wrath!
* * * LOW HITPOINT WARNING * * *
Mennas hits you with a +5 sacred scourge of holy wrath!
You die...

*,,,,,,,,,,,*,** *
#+###########,* *
#...........#,* *
#...........#,* **
#...........#,* *,
#...........#,*********,
#...........#,,,,,,,,,,,
#...........#,,,********
#.....<@A...#,*,*
#........C..+,*,*
#...........#**,*
#..........[# *,*
#......###'##**+*******
########,....,,,,,,,,,**
*.......,,,,,,,,,
#.......#********
#.......#,,,,,*,,


You could see Mennas (silencing, misshapen, ally target) and a friendly cactus
giant (summoned).

Vanquished Creatures
  A juggernaut (Depths:2)
  Boris (twice) (Depths:1 Depths:2)
  Vashnia (Snake:4)
  A golden dragon (Depths:2)
  A lich (Depths:1)
  A sphinx (Depths:2)
  A kraken (Shoals:1)
  2 nagarajas (Snake:4)
  The ghost of Amemom the Bludgeoner, a journeyman MiFi of Ru (Snake:2)
  A fire giant (Depths:2)
  3 frost giants (IceCv)
  3 stone giants
  The ghost of Ofemazen the Unseen, a journeyman SpEn of Kikubaaqudgha (D:15)
  A dire elephant (Lair:5)
  A white draconian (IceCv)
  Snorg (Orc:1)
  Josephine (Lair:5)
  7 merfolk javelineers
  3 fire dragons (Depths:1)
  A green death (Depths:1)
  14 merfolk impalers
  2 jiangshi (Depths:1)
  12 ice dragons
  A merfolk avatar (Shoals:1)
  2 rakshasas (Depths:1)
  5 centaur warriors
  4 ironbound frosthearts (IceCv)
  8 hydras
  An alligator snapping turtle (Shoals:4)
  2 death knights (D:15)
  A satyr (Shoals:3)
  A dancing weapon (D:13)
  4 anacondas
  8 boulder beetles
  Erica (D:11)
  2 deep troll shamans (Depths:1)
  5 two-headed ogres
  2 occultists
  2 orc high priests (Orc:2)
  4 death yaks (Lair:4)
  A vampire mage (Depths:1)
  2 shock serpents
  A deep troll earth mage (Depths:2)
  9 naga sharpshooters
  3 tengu warriors
  5 naga warriors
  A spriggan berserker (Depths:2)
  A hell knight (Depths:1)
  Sonja (D:11)
  Nergalle (Lair:2)
  Amaemon (D:8)
  2 iron trolls (Depths:1)
  A salamander mystic (Snake:4)
  4 skysharks
  6 deep trolls
  A skeletal warrior (D:15)
  10 sea snakes
  2 spectral anacondas
  A mana viper (Snake:2)
  An orange crystal statue (IceCv)
  5 naga ritualists
  An obsidian statue (Lair:5)
  11 harpies
  2 deep elf pyromancers (D:15)
  6 necromancers
  A lindwurm (Lair:5)
  2 orc knights
  An anaconda skeleton (Snake:4)
  5 orc sorcerers (Orc:2)
  2 oklob plants (Lair:4)
  5 ugly things
  Maurice (D:9)
  15 manticores
  15 fauns
  2 meliai (D:15)
  2 salamanders
  A meliai (shapeshifter) (D:14)
  17 black mambas
  4 cyclopes
  13 merfolk sirens
  5 guardian serpents
  3 torpor snails (Lair:5)
  5 naga magi
  15 cane toads
  15 elephants
  3 water nymphs
  An orange demon (D:8)
  2 gargoyles (D:12)
  14 rime drakes
  8 komodo dragons
  An anaconda simulacrum (Snake:4)
  An efreet (D:13)
  4 tengu conjurers
  A yaktaur (D:13)
  A queen bee (D:15)
  A troll (shapeshifter) (D:13)
  3 trolls
  8 polar bears
  7 hornets
  4 wind drakes
  41 merfolk
  12 snapping turtles
  A glass eye (Depths:2)
  7 blink frogs
  8 dream sheep
  Sigmund (D:4)
  6 wraiths
  17 slime creatures
  A shadow (D:10)
  7 water elementals
  5 wyverns
  58 yaks
  A warg (Orc:1)
  7 vampire mosquitoes
  Grum (Lair:1)
  A basilisk (shapeshifter) (D:15)
  Eustachio (D:4)
  3 steam dragons
  4 basilisks
  An acid dragon (D:8)
  17 nagas
  9 water moccasins
  4 hell hounds (Depths:1)
  19 orc warriors
  3 laughing skulls (D:14)
  An ice beast (D:7)
  6 black bears
  A wolf (shapeshifter) (D:15)
  6 ogres
  12 wolves
  4 centaurs
  A phantom (D:5)
  Blork the orc (D:5)
  3 kobold brigands
  11 bullfrogs
  2 scorpions (D:5)
  12 wights
  16 killer bees
  4 electric eels
  A howler monkey (D:11)
  A crimson imp (D:4)
  A lava snake (Lair:4)
  3 hounds
  Crazy Yiuf (D:4)
  22 orc priests
  6 iguanas
  2 sleepcaps
  A gnoll bouda (D:6)
  35 orc wizards
  3 hell rats
  Robin (D:2)
  8 gnolls
  6 river rats (Lair:4)
  5 adders
  6 nameless horrors
  3 shadow imps
  2 dart slugs
  74 orcs
  5 bats
  8 endoplasms
  3 giant cockroaches
  15 goblins
  14 hobgoblins
  15 kobolds
  4 quokkas
  3 ball pythons
  4 frilled lizards
  A goblin skeleton (D:4)
  2 goblin zombies (D:4)
  A hobgoblin zombie (D:4)
  A kobold skeleton (D:4)
  A kobold zombie (D:4)
  4 orc skeletons (D:4)
  5 rats
964 creatures vanquished.

Vanquished Creatures (collateral kills)
  A golden dragon (Depths:2)
  3 sphinxes (Depths:1)
  2 tengu reavers
  3 storm dragons (Depths:2)
  2 nagarajas (Snake:4)
  A frost giant (Shoals:4)
  A spriggan defender (Depths:2)
  2 stone giants (Depths:2)
  A very ugly thing (Depths:2)
  A dire elephant (Lair:5)
  A spark wasp (Depths:2)
  A fire dragon (Depths:2)
  A merfolk javelineer (Shoals:4)
  A jiangshi (Depths:1)
  2 merfolk impalers (Shoals:4)
  An ice dragon (Depths:2)
  A merfolk avatar (Shoals:3)
  2 alligator snapping turtles (Shoals:4)
  A vault guard (D:13)
  2 hydras (Depths:1)
  2 merfolk aquamancers
  A death knight (D:13)
  7 anacondas
  A deep troll shaman (Depths:1)
  A death yak (Lair:5)
  A two-headed ogre (D:10)
  5 naga warriors
  A vampire mage (Depths:1)
  A spriggan berserker (Depths:1)
  A deep troll earth mage (D:15)
  A hell knight (Depths:1)
  2 shock serpents (Snake:2)
  2 iron trolls (Depths:1)
  3 sea snakes
  3 skysharks
  2 anaconda zombies (Snake:4)
  3 salamander mystics
  A spectral death yak (Lair:5)
  A kraken simulacrum (Shoals:4)
  5 spectral anacondas (Snake:4)
  5 mana vipers
  4 harpies
  2 naga ritualists
  2 anaconda skeletons (Snake:4)
  A necromancer (Depths:1)
  2 ugly things
  A wolf spider (D:15)
  2 fauns
  5 cyclopes
  2 manticores
  9 salamanders
  2 elephants
  15 black mambas
  A guardian serpent (Snake:4)
  3 naga magi
  A cane toad (Lair:4)
  3 rime drakes (IceCv)
  A komodo dragon (Lair:5)
  2 anaconda simulacra (Snake:4)
  3 hornets
  3 merfolk
  2 polar bears (IceCv)
  A troll (D:10)
  A blink frog (Lair:3)
  4 slime creatures
  A dream sheep (Shoals:3)
  2 spriggans (Depths:1)
  10 yaks
  2 water elementals (Shoals:2)
  A basilisk (D:15)
  2 vampire mosquitoes
  A death yak simulacrum (Lair:5)
  A spectral cane toad (Lair:5)
  8 nagas
  5 water moccasins
  3 orc warriors
  An elephant zombie (Lair:5)
  A laughing skull (D:14)
  An ogre (Orc:1)
  5 wolves
  A bullfrog (Lair:1)
  A cane toad simulacrum (Lair:5)
  3 killer bees
  3 howler monkeys (D:9)
  7 orc wizards
  12 orcs
  A tentacle (Shoals:4)
223 creatures vanquished.

Vanquished Creatures (others)
  An ugly thing (IceCv)
  A nameless horror (Shoals:4)
  5 slime creatures (D:13)
  An orc wizard (Orc:2)
  An orc (D:10)
  11 tentacles
20 creatures vanquished.

Grand Total: 1207 creatures vanquished

Notes
Turn   | Place    | Note
-------+----------+-------------------------------------------
     0 | D:1      | octoduck the Deep Elf Air Elementalist began the quest for
                  | the Orb.
     0 | D:1      | Reached XP level 1. HP: 10/10 MP: 6/6
   156 | D:1      | You fall into a shaft and drop 1 floor!
   159 | D:2      | Found a faded altar of an unknown god.
   439 | D:1      | Reached XP level 2. HP: 15/15 MP: 2/8
  1074 | D:1      | Found Hiuryi's Book Boutique.
  1858 | D:2      | Reached XP level 3. HP: 19/19 MP: 2/9
  2134 | D:2      | Noticed Robin
  2349 | D:2      | Killed Robin
  2547 | D:2      | Reached XP level 4. HP: 24/24 MP: 7/10
  3382 | D:2      | Learned a level 3 spell: Swiftness
  3933 | D:3      | Noticed a kobold brigand
  4156 | D:3      | Learned a level 3 spell: Mephitic Cloud
  4803 | D:4      | Reached XP level 5. HP: 28/28 MP: 7/11
  4856 | D:1      | Bought a book of Minor Magic for 160 gold pieces
  4970 | D:2      | Learned a level 2 spell: Blink
  5063 | D:4      | Found a sparkling altar of Nemelex Xobeh.
  5063 | D:4      | Found an ornate altar of the Wu Jian Council.
  5162 | D:4      | Noticed an ogre
  5204 | D:4      | Found a glowing golden altar of the Shining One.
  5248 | D:4      | Reached skill level 1 in Alchemy
  5384 | D:4      | Noticed a black bear
  5490 | D:4      | Identified the +5 ring mail "Moakkug" {rElec rF+++ rC-
                  | Str-3}
  5626 | D:5      | Entered Level 5 of the Dungeon
  5629 | D:5      | Noticed a centaur
  5743 | D:4      | Noticed Eustachio
  5750 | D:4      | Killed Eustachio
  5751 | D:4      | Reached XP level 6. HP: 8/32 MP: 6/12
  5863 | D:4      | Noticed Sigmund
  5889 | D:4      | Killed Sigmund
  5947 | D:3      | Reached skill level 5 in Air Magic
  5947 | D:3      | Reached XP level 7. HP: 36/36 MP: 9/13
  6276 | D:4      | Found a runed translucent door.
  6277 | D:4      | Noticed Crazy Yiuf
  6287 | D:4      | Killed Crazy Yiuf
  6460 | D:4      | Reached skill level 5 in Conjurations
  6550 | D:4      | Found a staircase to the Ecumenical Temple.
  6556 | Temple   | Entered the Ecumenical Temple
  6577 | Temple   | Became a worshipper of Vehumet
  6906 | D:5      | Reached skill level 5 in Alchemy
  7007 | D:5      | Reached skill level 1 in Fighting
  7007 | D:5      | Reached XP level 8. HP: 43/43 MP: 14/14
  7134 | D:5      | Found a blossoming altar of Fedhas.
  7906 | D:5      | Noticed Blork the orc
  7926 | D:5      | Killed Blork the orc
  7993 | D:5      | Learned a level 4 spell: Airstrike
  8343 | D:6      | Reached skill level 1 in Translocations
  8451 | D:6      | Reached skill level 5 in Dodging
  8490 | D:6      | Reached * piety under Vehumet
  8490 | D:6      | Offered knowledge of Kiss of Death by Vehumet.
  8970 | D:6      | Reached skill level 4 in Spellcasting
  9273 | D:6      | Reached XP level 9. HP: 49/49 MP: 17/17
  9802 | D:7      | Learned a level 3 spell: Summon Ice Beast
 10544 | D:7      | Reached ** piety under Vehumet
 10544 | D:7      | Offered knowledge of Sandblast by Vehumet.
 10553 | D:7      | Found a faded altar of an unknown god.
 10557 | D:7      | Found a hazy altar of Hepliaklqana.
 10571 | D:7      | Identified the +4 rapier of the Damp God {flame, rPois}
 10580 | D:7      | Found a faded altar of an unknown god.
 10713 | D:7      | Reached skill level 5 in Spellcasting
 11061 | D:7      | Reached skill level 1 in Summonings
 11061 | D:7      | Reached skill level 1 in Ice Magic
 11453 | D:8      | Found a staircase to the Lair.
 11902 | D:8      | Found a broken altar of Ashenzari.
 12167 | D:8      | Noticed Amaemon
 12407 | D:7      | Reached XP level 10. HP: 56/56 MP: 20/20
 12634 | D:8      | Offered knowledge of Volatile Blastmotes by Vehumet.
 12757 | D:8      | Learned a level 3 spell: Volatile Blastmotes
 12807 | D:8      | Reached skill level 6 in Spellcasting
 14337 | D:9      | Noticed Maurice
 14346 | D:9      | Killed Maurice
 14583 | D:9      | Reached *** piety under Vehumet
 14920 | D:9      | Found a hide-covered altar of Uskayaw.
 15428 | D:10     | Entered Level 10 of the Dungeon
 15434 | D:10     | Noticed a two-headed ogre
 15753 | D:9      | Reached skill level 7 in Spellcasting
 15753 | D:9      | Reached skill level 5 in Translocations
 16149 | D:8      | Noticed an orange demon
 16183 | D:8      | Killed Amaemon
 16184 | D:8      | Killed an orange demon
 16422 | Lair:1   | Entered Level 1 of the Lair of Beasts
 16470 | Lair:1   | Noticed an elephant
 16484 | Lair:1   | Noticed an elephant
 16500 | Lair:1   | Killed an elephant
 16501 | Lair:1   | Reached XP level 11. HP: 62/62 MP: 12/24
 16626 | D:8      | Reached skill level 5 in Fighting
 17154 | Lair:1   | Offered knowledge of Brom's Barrelling Boulder by Vehumet.
 17387 | Lair:1   | Reached skill level 8 in Spellcasting
 17765 | Lair:1   | Reached skill level 1 in Shields
 17946 | Lair:1   | Reached skill level 5 in Summonings
 17946 | Lair:1   | Reached skill level 5 in Ice Magic
 18092 | Lair:1   | Noticed Grum
 18128 | Lair:1   | Killed Grum
 18526 | Lair:1   | Reached **** piety under Vehumet
 19054 | D:1      | Bought a book of Vapours for 260 gold pieces
 19060 | D:1      | Learned a level 5 spell: Freezing Cloud
 19527 | Lair:2   | Offered knowledge of Ignite Poison by Vehumet.
 19744 | Lair:2   | Reached skill level 1 in Armour
 19963 | Lair:2   | Reached XP level 12. HP: 69/69 MP: 26/26
 20170 | Lair:2   | Reached skill level 9 in Spellcasting
 20244 | Lair:2   | Noticed Nergalle
 21780 | Lair:2   | Killed Nergalle
 22176 | Lair:3   | Noticed a boulder beetle
 22556 | Lair:3   | Reached skill level 10 in Air Magic
 22601 | Lair:3   | Killed a boulder beetle
 22601 | Lair:3   | Reached ***** piety under Vehumet
 22738 | Lair:3   | Identified the +6 falchion "Dengihix" {flame, rElec}
 22787 | Lair:3   | Offered knowledge of Irradiate by Vehumet.
 22794 | Lair:3   | Learned a level 5 spell: Irradiate
 23389 | Lair:3   | Reached skill level 10 in Dodging
 23618 | Lair:3   | Found a staircase to the Shoals.
 23667 | Lair:3   | Reached skill level 10 in Spellcasting
 24427 | Lair:3   | Found a staircase to the Snake Pit.
 24841 | Lair:4   | Noticed a seven-headed hydra
 24854 | Lair:4   | Killed a seven-headed hydra
 24972 | Lair:4   | Reached XP level 13. HP: 76/76 MP: 25/29
 25038 | Lair:4   | Found a staircase to the Slime Pits.
 25039 | Lair:4   | Found a viscous altar of Jiyva.
 27331 | Lair:5   | Entered Level 5 of the Lair of Beasts
 27979 | Lair:5   | Offered knowledge of Arcjolt by Vehumet.
 28482 | Lair:5   | Found the +4 skin of Zhor {*Englaciate rC+++ SInv}
 28699 | Lair:5   | Noticed Josephine
 29192 | Lair:5   | Killed Josephine
 29735 | Lair:5   | Reached XP level 14. HP: 84/84 MP: 30/30
 30779 | D:10     | Found a bloodstained altar of Trog.
 30788 | D:10     | Found a sacrificial altar of Ru.
 31713 | D:11     | Offered knowledge of Orb of Destruction by Vehumet.
 31881 | D:11     | Noticed Erica
 31885 | D:11     | Killed Erica
 31886 | D:11     | Reached skill level 10 in Conjurations
 32047 | D:11     | Noticed Sonja
 32049 | D:11     | Killed Sonja
 32388 | D:11     | Found a transporter.
 32396 | D:11     | Noticed bronco's ghost (journeyman HOFi)
 32409 | D:11     | Found a transporter.
 32880 | D:11     | Learned a level 7 spell: Orb of Destruction
 33468 | D:12     | Found a staircase to the Orcish Mines.
 33787 | D:12     | Found Riahocs's Weapon Shoppe.
 34865 | D:13     | Reached skill level 11 in Spellcasting
 35076 | D:13     | Found a gate to the Vaults.
 35259 | D:13     | Found Kiamueqe's Magic Scroll Shoppe.
 35264 | D:13     | Bought a scroll of revelation for 82 gold pieces
 35264 | D:13     | Bought a scroll of identify for 22 gold pieces
 35264 | D:13     | Bought a scroll of identify for 22 gold pieces
 35264 | D:13     | Bought a scroll of revelation for 82 gold pieces
 35264 | D:13     | Bought a scroll of identify for 22 gold pieces
 35264 | D:13     | Bought a scroll of identify for 22 gold pieces
 35264 | D:13     | Bought a scroll of identify for 22 gold pieces
 35264 | D:13     | Bought a scroll of identify for 22 gold pieces
 35271 | D:13     | Identified a scroll of acquirement
 35338 | D:13     | Acquired a book of Spectacle
 36231 | Orc:1    | Entered Level 1 of the Orcish Mines
 36243 | Orc:1    | Noticed Snorg
 36251 | Orc:1    | Killed Snorg
 36510 | Orc:2    | Entered Level 2 of the Orcish Mines
 36552 | Orc:2    | Found a staircase to the Elven Halls.
 36600 | Orc:2    | Offered knowledge of Ozocubu's Refrigeration by Vehumet.
 37517 | Orc:2    | Found Gigg's Antique Weapon Shoppe.
 37517 | Orc:2    | Found Qozopt's Antique Armour Shoppe.
 37518 | Orc:2    | Found Mag Pani's Antique Weapon Emporium.
 37521 | Orc:2    | Found Nolutum's Assorted Antiques.
 37696 | Orc:2    | Reached XP level 15. HP: 90/90 MP: 29/32
 37760 | Orc:2    | Bought a scroll of identify for 52 gold pieces
 38604 | Orc:2    | Offered knowledge of Conjure Ball Lightning by Vehumet.
 40190 | D:13     | Reached skill level 12 in Spellcasting
 42049 | D:14     | Found a portal to a secret trove of treasure.
 42319 | D:14     | Reached skill level 1 in Shapeshifting
 42415 | D:15     | Entered Level 15 of the Dungeon
 42837 | D:15     | Found a staircase to the Depths.
 42909 | D:15     | Noticed Ofemazen's ghost (journeyman SpEn)
 42941 | D:15     | Found a transporter.
 42946 | D:15     | Found a transporter.
 42949 | D:15     | Found a bloodstained altar of Trog.
 42980 | D:15     | Identified the +0 robe "Riaterof" {Harm}
 43586 | D:15     | Noticed a tengu reaver
 43861 | Shoals:1 | Entered Level 1 of the Shoals
 45179 | Shoals:1 | Reached skill level 10 in Fighting
 45619 | Shoals:1 | Reached skill level 13 in Spellcasting
 45656 | Shoals:1 | Offered knowledge of Eringya's Noxious Bog by Vehumet.
 46482 | Shoals:1 | Noticed a kraken
 46495 | Shoals:1 | Killed a kraken
 47775 | Shoals:2 | Acquired a book of Scorching
 47778 | Shoals:2 | Acquired the +2 pair of gloves of the Present {rN+ Regen+}
 47947 | Shoals:2 | Reached XP level 16. HP: 97/97 MP: 10/35
 47973 | Shoals:2 | Reached skill level 5 in Shapeshifting
 48546 | Shoals:2 | Learned a level 6 spell: Sculpt Simulacrum
 48548 | Shoals:3 | Found a glacial archway.
 48560 | Shoals:3 | Reached skill level 10 in Ice Magic
 48586 | IceCv    | Entered an ice cave
 48661 | IceCv    | Reached skill level 14 in Spellcasting
 49430 | IceCv    | Learned a level 6 spell: Starburst
 49438 | IceCv    | Learned a level 6 spell: Summon Cactus Giant
 49601 | IceCv    | Reached skill level 1 in Fire Magic
 50294 | IceCv    | Found the +3 Mad Mage's Maulers {Infuse+∞ VampMP -Cast}
 50310 | IceCv    | Got Neymic's Writings on Hoarfrost
 50807 | Shoals:3 | Found Hekhut's Antique Armour Boutique.
 51082 | Shoals:3 | Reached skill level 5 in Fire Magic
 51084 | Shoals:3 | Reached skill level 15 in Spellcasting
 51697 | Shoals:3 | Offered knowledge of Plasma Beam by Vehumet.
 51918 | Shoals:4 | Entered Level 4 of the Shoals
 51979 | Shoals:4 | Found Toant's Book Shop.
 52115 | Shoals:4 | Found Geerapte's Jewellery Emporium.
 52213 | Shoals:4 | Bought a +6 ring of intelligence for 576 gold pieces
 52715 | Shoals:4 | Reached XP level 17. HP: 102/102 MP: 38/38
 52724 | Shoals:4 | Found Yschoutuh's Distillery.
 53509 | Shoals:4 | Found Ekucamax's Distillery.
 53622 | Shoals:4 | Reached skill level 16 in Spellcasting
 53734 | Shoals:4 | Got a barnacled rune of Zot
 53937 | Shoals:4 | Identified the staff "Ypojaeno" {rPois rC++ Fire Alchemy}
 54063 | Shoals:4 | Got Sif Muna's Spellbook of Charming Electricity
 54236 | Shoals:4 | Identified the staff "Beghycall" {rF- Dex+7 Earth}
 54393 | Shoals:4 | Learned a level 6 spell: Plasma Beam
 54504 | Snake:1  | Entered Level 1 of the Snake Pit
 55735 | Snake:1  | Identified the +10 mace "Xar Tyekk" {flame, rN+ rCorr
                  | Dex+2}
 56435 | Snake:2  | Found a sparkling altar of Nemelex Xobeh.
 56463 | Snake:2  | Reached ****** piety under Vehumet
 56763 | Snake:2  | Reached skill level 17 in Spellcasting
 56879 | Snake:2  | Found a runed translucent door.
 56879 | Snake:2  | Noticed Amemom's ghost (journeyman MiFi)
 56910 | Snake:2  | Killed Amemom's ghost
 57049 | Snake:2  | Identified the +1 morningstar "Orb Guardian's Bane"
                  | {antimagic, Dex+2}
 57238 | Snake:3  | Offered knowledge of Lehudib's Crystal Spear by Vehumet.
 57238 | Snake:3  | Offered knowledge of Shatter by Vehumet.
 57238 | Snake:3  | Offered knowledge of Chain Lightning by Vehumet.
 57608 | Snake:3  | Reached skill level 10 in Shapeshifting
 58460 | Snake:4  | Entered Level 4 of the Snake Pit
 58492 | Snake:4  | Found Ixzoasoj's Armour Emporium.
 58529 | Snake:4  | Identified the +6 spear of Igaoceum {venom, Int+6}
 59182 | Snake:4  | Reached XP level 18. HP: 91/107 MP: 33/41
 59301 | Snake:4  | Reached skill level 10 in Fire Magic
 60317 | Snake:4  | Reached skill level 18 in Spellcasting
 60691 | Snake:4  | Noticed Vashnia
 60708 | Snake:4  | HP: 2/107 [Vashnia/arrow (5)]
 61286 | Snake:4  | Killed Vashnia
 61891 | Snake:4  | Got a serpentine rune of Zot
 62876 | Lair:5   | Acquired 555 gold pieces
 63424 | D:15     | Reached skill level 10 in Summonings
 64072 | Depths:1 | Entered Level 1 of the Depths
 64448 | Depths:1 | Reached skill level 19 in Spellcasting
 64583 | Depths:1 | Found Mufarch's Antique Weapon Shoppe.
 64620 | Depths:1 | Found a shimmering blue altar of Sif Muna.
 65028 | Depths:1 | Noticed a lich
 65034 | Depths:1 | Killed a lich
 65280 | Depths:1 | Reached XP level 19. HP: 112/112 MP: 41/44
 65378 | Depths:1 | Noticed Boris
 65388 | Depths:1 | Killed Boris
 65444 | Depths:1 | Found a gateway to Hell.
 65554 | Depths:1 | Found a sparkling altar of Nemelex Xobeh.
 65819 | Depths:1 | Found a one-way gate to the infinite horrors of the Abyss.
 66020 | Depths:1 | Found a one-way gate leading to the halls of Pandemonium.
 66358 | D:15     | Killed Ofemazen's ghost
 66658 | Depths:2 | Noticed Boris
 66667 | Depths:2 | Killed Boris
 67017 | Depths:2 | Found Yfasolej's CLEARANCE SALE!.
 67042 | Depths:2 | You fall into a shaft and drop 1 floor!
 67221 | Depths:2 | Found Juafocyj's Book Emporium.
 67222 | Depths:2 | Found a snail-covered altar of Cheibriados.
 67229 | Depths:2 | Bought a book of Dangerous Friends for 546 gold pieces
 67229 | Depths:2 | Bought a book of Annihilations for 780 gold pieces
 67237 | Depths:2 | Learned a level 7 spell: Spellforged Servitor
 67454 | Depths:2 | Noticed a juggernaut
 67458 | Depths:2 | Killed a juggernaut
 67540 | Depths:2 | Noticed a golden dragon
 67648 | Depths:2 | Killed a golden dragon
 67649 | Depths:2 | Reached skill level 20 in Spellcasting
 67940 | Depths:2 | Noticed a golden dragon
 67948 | Depths:2 | Killed a golden dragon
 68509 | Depths:3 | Noticed Mennas
 68528 | Depths:3 | Slain by Mennas

Illustrated notes

Levels and vault maps discovered:
D:1:      sevenhm_arrival_forest_fort_large_2, layout_basic, serial_shops,
          nicolae_book_shop_shelving, chequers_garden
D:2:      layout_basic, ebering_ecumenical_altar_box, uniq_robin
D:3:      layout_basic
D:4:      layout_basic, nicolae_tso_besieged_by_evil,
          gammafunk_temple_overflow_pools, minmay_temple_entry_waves,
          uniq_crazy_yiuf_cottage, uniq_sigmund, uniq_eustachio
D:5:      layout_rooms, mainiacjoe_overflow_boulevard,
          nicolae_twisty_statue_hallways, uniq_blork_the_orc
D:6:      layout_layer_cave
D:7:      layout_basic, nicolae_hepliaklqana_ecumenical_no_more
D:8:      layout_loops_corners, mainiacjoe_overflow_six_doors_small,
          dpeg_oklobed_lair, uniq_amaemon
D:9:      layout_stronghold, mainiacjoe_overflow_catwalk,
          hangedman_decor_slide_cut, dreamdust_mushroom_princess,
          lemuel_flamethrower_hall, uniq_maurice
D:10:     layout_rooms, mainiacjoe_overflow_swirl, serial_bayou_lagoon_a
D:11:     layout_big_octagon, gammafunk_ghost_berserking_beasts, serial_glass,
          glass_columns_b, glass_columns_b, glass_columns_b, glass_columns_c,
          minmay_strange_pillars, due_unseen_surprise, minmay_strange_pillars,
          minmay_strange_pillars, uniq_sonja, uniq_erica
D:12:     layout_roguey, david_orc_5, serial_shops,
          nicolae_shop_bloodbath_and_beyond
D:13:     layout_loops_ring, erik_vaults_1, serial_rivers,
          chequers_serial_rivers_micro_c, chequers_serial_rivers_micro_c,
          chequers_serial_rivers_large_b, chequers_serial_rivers_small_3,
          chequers_serial_rivers_room_a, chequers_serial_rivers_micro_a,
          serial_shops, shop, minmay_fractal_squares_gapless_7
D:14:     layout_cave_pools, enter_trove_2
D:15:     hellmonk_depths_entry_around_the_bend, layout_basic,
          gammafunk_ghost_hive, bloody_trog
Temple:   nicolae_temple_bog_church
Lair:1:   layout_loops_ring, dreamdust_wasp_nest, uniq_grum
Lair:2:   layout_roguey, grunt_megastairs_3, uniq_nergalle
Lair:3:   layout_small_grid, minmay_shoals_entry_beasts,
          nicolae_snake_entry_squirm, beast_lair_carwin_5, serial_bayou_shore_b,
          infiniplex_staircase_pool, serial_bayou_shore_a
Lair:4:   beast_lair_carwin_large_3, layout_gridlike,
          minmay_slime_entry_oklob_open, kennysheep_rathole
Lair:5:   due_jungle_book, layout_regular_city, hellmonk_guarded_unrand_zhor,
          grunt_megastairs_4, lemuel_fruit_tree, uniq_josephine
Shoals:1: layout_shoals, nicolae_shoals_loop_pool
Shoals:2: layout_shoals, st_sunken_huts
Shoals:3: layout_shoals, serial_shops, shop, portal_ice_cave_entry_pillars_2
Shoals:4: shoals_end_grunt_ice, layout_shoals, serial_shops,
          nicolae_shop_rolling_square, shop, shop, shop_fountains,
          nicolae_shoals_wave_tunnel
Snake:1:  layout_honeycomb
Snake:2:  layout_misc_corridors, gammafunk_ghost_grave, basic_altar
Snake:3:  layout_onion, nicolae_integral_box
Snake:4:  grunt_snake_rune_serpentine_throne, layout_cave_town, serial_shops,
          shop_coins, nicolae_snake_dead_anacondas
Orc:1:    layout_caves, uniq_snorg
Orc:2:    st_orc_mages, layout_caves, basic_altar
Depths:1: layout_gridville, serial_shops, nicolae_shop_crystal,
          abyss_entry_crystal, rand_demon_pan_entry_8, lemuel_tele_altar,
          grunt_metal_band, special_room [special_room_mythical_zoo],
          nemelex_lonely_heart_becter
Depths:2: minmay_the_grid_four_pointed_star_mashed
          [minmay_the_grid_triangle_9x9_from_above,
          minmay_the_grid_triangle_9x9_empty,
          minmay_the_grid_triangle_9x9_sprig,
          minmay_the_grid_triangle_9x9_steps,
          minmay_the_grid_prize_four_corners], layout_gridlike, serial_shops,
          shop, hangedman_coc_ice_floe, cheibriados_altar_1, pan_entry,
          nicolae_shop_clearance, infiniplex_staircase_pool_2
Depths:3: evilmike_inaccessible_box, layout_gridlike, grunt_hell_entry_dis_mu,
          serial_shops, shop, minmay_misc_feat_cross, abyss_entry_flame_altar,
          uniq_parghit, uniq_mennas

Skill      XL: |  1  2  3  4  5  6  7  8  9 10 11 12 13 14 15 16 17 18 19 |
---------------+----------------------------------------------------------+-----
Conjurations   | 2 3 4 5 6 9 12 13 14 | 14.8
Stealth        | 3 |  3.5
Dodging        | 3 5 6 8 9 10 12 13 | 13.8
Air Magic      | 4 5 7 8 9 10 | 10.0
Alchemy        | 3 4 5 6 8 |  8.0
Fighting       | 1 2 3 4 5 6 8 9 10 | 10.7
Translocations | 1 3 5 |  5.0
Spellcasting   | 4 5 7 8 10 11 13 15 17 19 20 | 20.0
Summonings     | 2 4 5 6 8 10 | 10.0
Ice Magic      | 2 4 5 7 8 9 10 | 10.3
Shields        | 3 4 |  4.0
Armour         | 1 3 4 |  4.0
Shapeshifting  | 4 8 10 12 | 12.8
Fire Magic     | 6 9 12 13 | 13.1

Action                     |  1- 3 |  4- 6 |  7- 9 | 10-12 | 13-15 | 16-18 | 19-21 || total
---------------------------+-------+-------+-------+-------+-------+-------+-------++-------
  Melee: Rapier            |       |       |     3 |    40 |   102 |    31 |       ||   176
         Dagger            |       |       |     1 |       |       |       |       ||     1
         Staff             |       |       |       |       |       |     3 |    23 ||    26
   Cast: Shock             |    77 |   103 |   316 |   118 |   161 |       |       ||   775
         Mephitic Cloud    |       |     1 |    35 |    41 |     8 |     1 |       ||    86
         Airstrike         |       |       |    18 |    83 |   181 |   130 |     1 ||   413
         Summon Ice Beast  |       |       |     4 |    45 |   101 |   114 |     1 ||   265
         Swiftness         |       |       |     2 |     2 |     1 |       |       ||     5
         Volatile Blastmot |       |       |       |    59 |    13 |       |       ||    72
         Blink             |       |       |       |     6 |     7 |     1 |     2 ||    16
         Freezing Cloud    |       |       |       |    54 |   258 |   208 |    22 ||   542
         Irradiate         |       |       |       |       |    17 |    21 |    16 ||    54
         Orb of Destructio |       |       |       |       |    20 |   108 |    19 ||   147
         Starburst         |       |       |       |       |       |    11 |     2 ||    13
         Sculpt Simulacrum |       |       |       |       |       |     4 |       ||     4
         Summon Cactus Gia |       |       |       |       |       |   104 |    21 ||   125
         Plasma Beam       |       |       |       |       |       |    38 |    28 ||    66
         Spellforged Servi |       |       |       |       |       |       |     4 ||     4
  Evoke: Wand              |       |       |       |     2 |       |     5 |     1 ||     8
    Use: Scroll            |       |     6 |     3 |     2 |    26 |     7 |     3 ||    47
         Potion            |       |     1 |     3 |     2 |     2 |     3 |     2 ||    13
   Stab: Sleeping          |       |       |     1 |       |       |       |       ||     1
         Confused          |       |       |       |     6 |     1 |       |       ||     7
         Distracted        |       |       |       |       |     1 |       |       ||     1
 Armour: Robe              |     8 |    15 |    18 |       |       |       |       ||    41
         Steam dragon scal |       |       |    20 |    64 |       |       |       ||    84
         Leather armour    |       |       |       |    30 |    32 |       |       ||    62
         Animal skin       |       |       |       |       |   180 |   282 |    28 ||   490
         Skin              |       |       |       |       |       |       |   116 ||   116
  Dodge: Dodged            |    22 |    20 |    62 |   146 |   201 |   226 |   102 ||   779
  Block: Buckler           |       |       |       |    21 |    52 |    57 |    37 ||   167
         Form:             |       |       |       |       |       |       |     2 ||     2
         Statue            |       |       |       |       |       |       |     2 ||     2
